 Dungeon Crawl Stone Soup version 0.25.1-2-g60ff931df9 (webtiles) character file.

Game seed: 17077921178095485769

202 Delamore the Cudgeler (level 5, 0/48 HPs)
             Began as a Gargoyle Fighter on Aug 12, 2020.
             Slain by an orc
             ... wielding a +0 trident
              (4 damage)
             ... on level 3 of the Dungeon.
             The game lasted 00:02:22 (2521 turns).

Delamore the Cudgeler (Gargoyle Fighter)            Turns: 2521, Time: 00:02:23

Health: 0/48       AC: 22    Str: 26    XL:     5   Next: 80%
Magic:  5/5        EV:  2    Int:  9    God:
Gold:   114        SH:  4    Dex:  9    Spells: 4/4 levels left

rFire    . . .     SeeInvis .   a - +0 flail
rCold    . . .     Gourm    .   e - +0 buckler
rNeg     + + +     Faith    .   (armour currently unavailable)
rPois    ∞         Spirit   .   (helmet currently unavailable)
rElec    .         Reflect  .   (cloak currently unavailable)
rCorr    .         Harm     .   (gloves currently unavailable)
MR       .....     NoTele   +   (boots currently unavailable)
Stlth    +.........             v - amulet of the acrobat
HPRegen  0.16/turn              p - +6 ring of strength
MPRegen  0.09/turn              (no ring)

@: tree-form, hasted, very quick
A: negative energy resistance 1, petrification resistance, rot immunity, AC +4
a: no special abilities


You were on level 3 of the Dungeon.
You were not hungry.
You were a tree.
You visited 1 branch of the dungeon, and saw 3 of its levels.

You collected 114 gold pieces.

Inventory:

Hand Weapons
 a - a +0 flail (weapon)
Armour
 b - a +0 scale mail (melded)
 c - a +0 kite shield
 e - a +0 buckler (worn)
Jewellery
 p - a +6 ring of strength (left branch)
 v - an amulet of the acrobat (around neck)
Scrolls
 k - 3 scrolls of identify {unknown}
 l - a scroll of magic mapping {unknown}
 m - a scroll of fear {unknown}
 n - a scroll of blinking {unknown}
 o - 2 scrolls of remove curse {unknown}
 q - 2 scrolls of teleportation {unknown}
 r - a scroll of random uselessness {unknown}
 s - a scroll of enchant weapon {unknown}
Potions
 d - a potion of might
 h - a potion of heal wounds {unknown}
 i - a potion of flight {unknown}
 j - a potion of lignification
 t - a potion of curing {unknown}
Comestibles
 f - 8 rations
 u - 3 chunks of flesh


   Skills:
 - Level 3.2 Fighting
 + Level 5.4 Maces & Flails
 - Level 3.2 Armour
 - Level 4.0 Shields


You had 4 spell levels left.
You didn't know any spells.
Your spell library was empty.

Dungeon Overview and Level Annotations

Branches:
Dungeon (3/15)

Altars:
Makhleb


Innate Abilities, Weirdness & Mutations

You are resistant to torment.
((Your stone body is resilient. (AC +4)))
You are immune to poison.
You resist negative energy. (rN+)
((You are resistant to electric shocks. (rElec)))
((You can survive without breathing.))
You are immune to petrification.
You are immune to rotting.


Message History

The magic dart hits you.
* * * LOW HITPOINT WARNING * * *
The orc hits you from afar with a +0 trident.
* * * LOW HITPOINT WARNING * * *
It was a potion of lignification.
You turn into a tree.
Your +0 scale mail melds into your body.
Your roots penetrate the ground.
Something hits you but does no damage. The orc hits you but does no damage.
Okay, then.
You closely miss something. Something hits you but does no damage.
The orc hits you but does no damage.
You miss something. Something completely misses you.
The orc hits you but does no damage.
You sock something!
Reactivating autopickup.
You feel a bit more experienced. The orc hits you but does no damage.
You cannot move.
It was a potion of haste.
You feel yourself speed up.
The orc hits you from afar with a +0 trident.
You die...

#.#
#######.########
........÷.......
#######.########
#.## #..#
##.#######
#........
#♣####### #)#
#o# .o# ..# ####


You could see 2 orcs.

Vanquished Creatures
  An orc priest (D:3)
  An orc wizard (D:3)
  6 adders
  An ooze (D:2)
  4 worms (D:2)
  4 dart slugs
  3 leopard geckos
  3 giant cockroaches
  3 goblins
  3 hobgoblins
  4 jackals (D:2)
  11 kobolds
  2 ball pythons
  9 bats
  8 frilled lizards
  10 rats
73 creatures vanquished.

Notes
Turn   | Place    | Note
-------+----------+-------------------------------------------
     0 | D:1      | Delamore the Gargoyle Fighter began the quest for the Orb.
     0 | D:1      | Reached XP level 1. HP: 14/14 MP: 1/1
    88 | D:1      | Reached XP level 2. HP: 19/19 MP: 2/2
   391 | D:1      | Reached XP level 3. HP: 20/23 MP: 3/3
   585 | D:1      | Reached skill level 3 in Maces & Flails
   875 | D:2      | Reached XP level 4. HP: 25/28 MP: 4/4
   918 | D:2      | Found a burning altar of Makhleb.
   933 | D:2      | Reached skill level 4 in Maces & Flails
  1455 | D:2      | Reached XP level 5. HP: 26/32 MP: 5/5
  2500 | D:3      | Reached skill level 5 in Maces & Flails
  2521 | D:3      | Slain by an orc

Illustrated notes

Levels and vault maps discovered:
D:1:      minmay_arrival_open_corners, layout_loops_ring
D:2:      layout_basic, first_ration, minmay_hexomino_r4
D:3:      layout_loops_ring, chequers_serial_rivers_micro_e

Skill      XL: |  1  2  3  4  5 |
---------------+----------------+-----
Shields        | 4 |  4.0
Maces & Flails | 3 4 5 |  5.4
Fighting       | |  3.2
Armour         | |  3.2

Action                   |  1- 3 |  4- 6 || total
-------------------------+-------+-------++-------
Melee: Flail             |   100 |   176 ||   276
  Use: Potion            |       |     2 ||     2
  Eat: Chunk             |       |     6 ||     6
Armor: Scale mail        |    67 |   108 ||   175
       Skin              |       |     5 ||     5
Dodge: Dodged            |    77 |    79 ||   156
Block: Buckler           |    30 |    36 ||    66
